 Dungeon Crawl Stone Soup version 0.18-a0-1027-g814d7dd (webtiles) character file.

410 tof the Shield-Bearer (level 7, 0/55 HPs)
             Began as a Formicid Fighter on Jan 8, 2016.
             Succumbed to a water moccasin's poison
             ... on level 3 of the Dungeon.
             The game lasted 00:05:32 (3087 turns).

tof the Shield-Bearer (Formicid Fighter)            Turns: 3087, Time: 00:05:32

Health: 0/55       AC:  8    Str: 20    XL:     7   Next: 13%
Magic:  7/7        EV:  8    Int:  8    God:
Gold:   200        SH: 10    Dex: 12    Spells: 0 memorised, 6 levels left

rFire  . . .     SeeInvis +     a - +0 war axe
rCold  . . .     Gourm    .     b - +0 scale mail
rNeg   . . .     Faith    .     c - +0 shield
rPois  .         Spirit   .     (helmet unavailable)
rElec  .         Dismiss  .     (no cloak)
rCorr  .         Reflect  .     m - +0 pair of gloves
SustAt .         Harm     .     (no boots)
MR     .....                    (no amulet)
Stlth  ..........               (no ring)
                                (no ring)

@: lethally poisoned (0 -> -11), flying, not resistant to hostile enchantments,
extremely unstealthy
A: permanent stasis, dig shafts and tunnels, four strong arms, antennae 3
a: Dig, Shaft Self


You were on level 3 of the Dungeon.
You were hungry.

You visited 1 branch of the dungeon, and saw 5 of its levels.

You collected 200 gold pieces.

Inventory:

Hand Weapons
 a - a +0 war axe (weapon)
Armour
 b - a +0 scale mail (worn)
 c - a +0 shield (worn)
 m - a +0 pair of gloves (worn)
Scrolls
 k - 3 scrolls of identify {unknown}
 l - 2 scrolls of teleportation {unknown}
 o - a scroll of fear {unknown}
 q - a scroll of immolation {unknown}
 t - a scroll of remove curse {unknown}
 u - a scroll of noise {unknown}
 w - a scroll of fog {unknown}
Potions
 d - a potion of might
 i - a potion of ambrosia
 j - a potion of cure mutation
 s - a potion of flight
Comestibles
 f - 2 bread rations
 h - 5 fruits
 n - a beef jerky
 p - 3 meat rations
 r - a royal jelly


   Skills:
 + Level 4.7 Fighting
 + Level 3.7 Axes
 + Level 5.0 Armour
 - Level 0.1 Dodging
 - Level 0.6 Stealth
 + Level 5.6 Shields


You had 6 spell levels left.
You didn't know any spells.

Dungeon Overview and Level Annotations

Branches:
Dungeon (5/15)
 Temple: D:4-7

Altars:
Elyvilon
Vehumet

Annotations:
D:5 Grinder


Innate Abilities, Weirdness & Mutations

You are under a permanent stasis effect.
You can dig through walls and to a lower floor.
Your four strong arms can wield two-handed weapons with a shield.
You have a pair of large antennae on your head (SInv).


Message History

* * * LOW HITPOINT WARNING * * *
You feel sick.
The water moccasin bites you but does no damage.
You feel sick.
There is an escape hatch in the ceiling here.
You block the water moccasin's attack. The water moccasin bites you.
* * * LOW HITPOINT WARNING * * *
A mysterious force pulls you upwards. The hatch slams shut behind you.
You feel sick.
You are no longer poisoned.
The water moccasin closely misses you. The water moccasin barely misses you.
Drink which item? (? for menu, Esc to quit)
It was a potion of haste.
Your stasis keeps you stable.
You block the water moccasin's attack. The water moccasin barely misses you.
The water moccasin bites you.
* * * LOW HITPOINT WARNING * * *; You are lethally poisoned!
The water moccasin poisons you!
You die...

...≈≈≈.......#......#.......#
♣........###.#.#.##.#.#.###.#
♣♣.......# #.#.#.##.#)#..##.#
♣♣#####.###......#.#.##.##.#
#.....#..#.#.#.##.##.#
#######......#.......###
###S.######......## #######
#.....>...###.#.## #.....#
#@#######....###.# #.....# #.#
#...## ##. ).....# ##.##
#....###.. #.....# #...#
#.#...#.#. #.....# #...#
#......... ###)### #...#
###..####. ....# ### #...#
#..####. ##..###.#######...######
#.......
##..##.#.#.............###)#.####


You could see a water moccasin.

Vanquished Creatures
  A phantom (D:4)
  A giant frog (D:4)
  An orc priest (D:4)
  An orc wizard (D:3)
  An iguana (D:4)
  A worker ant (D:4)
  A hound skeleton (D:4)
  Robin (D:3)
  4 adders
  2 oozes (D:2)
  2 worms
  2 giant geckos
  4 orcs
  5 giant cockroaches
  14 goblins
  5 hobgoblins
  9 jackals
  8 kobolds
  A quokka (D:2)
  2 ball pythons (D:1)
  5 bats
  3 giant newts
  A rat (D:2)
75 creatures vanquished.

Notes
Turn   | Place    | Note
--------------------------------------------------------------
     0 | D:1      | tof the Formicid Fighter began the quest for the Orb.
     0 | D:1      | Reached XP level 1. HP: 18/18 MP: 1/1
    74 | D:1      | Reached XP level 2. HP: 18/24 MP: 2/2
   248 | D:1      | Reached skill level 4 in Shields
   517 | D:2      | Reached XP level 3. HP: 27/29 MP: 3/3
   776 | D:2      | Found a radiant altar of Vehumet.
  1089 | D:2      | Reached XP level 4. HP: 27/36 MP: 4/4
  1475 | D:3      | Reached XP level 5. HP: 40/42 MP: 5/5
  1605 | D:3      | Found a white marble altar of Elyvilon.
  1676 | D:3      | Noticed Robin
  1700 | D:3      | Killed Robin
  1830 | D:3      | Found a faded altar to an unknown god.
  2367 | D:4      | Reached XP level 6. HP: 40/48 MP: 6/6
  2585 | D:4      | Reached skill level 5 in Shields
  2666 | D:4      | Noticed a phantom
  3026 | D:4      | Killed a phantom
  3027 | D:4      | Noticed a water moccasin
  3040 | D:4      | Reached skill level 5 in Armour
  3040 | D:4      | Reached XP level 7. HP: 19/55 MP: 7/7
  3042 | D:5      | Entered Level 5 of the Dungeon
  3042 | D:5      | Noticed Grinder
  3047 | D:4      | HP: 2/55 [water moccasin (6)]
  3079 | D:3      | HP: 2/55 [poisoned by a water moccasin]
  3086 | D:3      | HP: 1/55 [water moccasin (2)]
  3087 | D:3      | Succumbed to a water moccasin's poison

Vault maps used:
D:1:      evilmike_arrival_hilbert_curve
D:2:      vehumet_crystals, first_bread
D:3:      elyvilon_altar_3, ecumenical_altar_2, uniq_robin
D:5:      ashenzari_conservatory_becter, old_standard_altar,
          gammafunk_temple_overflow_forgotten, temple_green, serial_shops,
          kennysheep_mini_moat, uniq_sigmund, uniq_grinder, uniq_duvessa,
          uniq_menkaure, uniq_pikel

Action                   |  1- 3 |  4- 6 |  7- 9 || total
-------------------------+-------+-------+-------++-------
Melee: War axe           |   110 |   183 |     4 ||   297
  Use: Potion            |       |       |     6 ||     6
  Eat: Chunk             |       |     7 |       ||     7
